 Dungeon Sprint DCSS version 0.31-a0-18-gea43df2a32 (webtiles) character file.

Game seed: 13865999504175772190

2230 sircluck the Grappler (level 9, -15/151 HPs)
             Began as a Troll Berserker on May 10, 2023.
             Was an Elder of Trog.
             Killed from afar by an ice statue (28 damage)
             ... with a bolt of cold
             ... in the Dungeon (Sprint II: "The Violet Keep of Menkaure").
             The game lasted 00:02:37 (570 turns).

sircluck the Grappler (Troll Berserker)              Turns: 570, Time: 00:02:37

Health: -15/151    AC:  4    Str: 27      XL:     9   Next: 14%
Magic:  7/7        EV: 12    Int:  0 (3)  God:    Trog [****..]
Gold:   206        SH:  0    Dex:  9      Spells: 8/8 levels left

rFire   . .          .
                       - Unarmed
rCold   . . .        (no shield)
rNeg    . . .        a - +0 animal skin
rPois   .            (helmet restricted)
rElec   .            (no cloak)
rCorr   .            (gloves unavailable)
SInv    .            (boots unavailable)
Will    .....        (no amulet) Stlth
                     (no ring)
HPRegen 1.25/turn    (no ring)
MPRegen 0.10/turn

%: no teleportation
@: berserking, slowed, lost intelligence, studying Fighting, unable to read
A: large, unfitting armour, claws 3, regeneration 1, shaggy fur 1, tough skin 1,
deterioration 1, low MP 1, screaming 1, weak 2
a: Renounce Religion, Berserk, Trog's Hand, Brothers in Arms


You were in the Dungeon.
You worshipped Trog.
Trog was greatly pleased with you.
You visited 1 branch You collected 972 gold pieces.
You spent 766 gold pieces at shops.

Inventory:

Armour
 a - a +0 animal skin (worn)
Scrolls
 h - a scroll of magic mapping
 i - a scroll of immolation {unknown}
Potions
 b - a potion of curing
 c - a potion of heal wounds
 d - a potion of haste
 e - 2 potions of magic
 f - a potion of berserk rage


   Skills:
 + Level 10.0 Fighting
 + Level 10.0 Dodging
 + Level 13.6 Unarmed Combat


You had 8 spell levels left.
You didn't know any spells.
Your spell library was empty.

Dungeon Overview and Level Annotations

Branches:
Dungeon (1/1)

Altars:

Shops:
D :![=?:?(*=:([![

Annotations:
D exclusions: ice statue and oklob plant


Innate Abilities, Weirdness & Mutations

You are too large for most types of armour.
You have claws for hands.
Your natural rate of healing is unusually fast.
You are covered in fur. (AC +1)
You have tough skin. (AC +1)
Your body sometimes deteriorates upon taking damage.
Your magical capacity is low. (-10% MP)
You occasionally shout uncontrollably at your foes.
You are very weak. (Str -4)


Message History

The flying skull gives a hideous shriek!
HP restored.
You start waiting.
The flying skull gives a hideous shriek!
You hear a hideous shriek! x3
You are engulfed in a cloud of scalding steam.
Really walk into a travel-excluded area?
You start waiting.
The ice statue glitters chillingly in the dim dungeon light. x3
Done waiting.
You open the gate.
There is an open gate here.
You are engulfed in freezing vapours.
Your body deteriorates!
You feel dopey.
A red film seems to cover your vision as you go berserk!
You feel yourself moving faster!
You feel mighty!
You are engulfed in freezing vapours.
Your body deteriorates!
You feel dopey.
You have lost your intelligence.
The ice statue gestures at you. The bolt of cold hits you!
You are engulfed in freezing vapours.
The ice statue glitters chillingly in the dim dungeon light.
The ice statue gestures.
You are engulfed in freezing vapours.
The ice statue gestures at you. The bolt of cold hits you!!
* * * LOW HITPOINT WARNING * * *
The ice beast hits you.
* * * LOW HITPOINT WARNING * * *
The ice beast freezes you!
* * * LOW HITPOINT WARNING * * *
You are engulfed in freezing vapours.
* * * LOW HITPOINT WARNING * * *
The ice beast hits you but does no damage.
You can move again.
You mangle the ice statue!! You claw the ice statue!
The ice statue is moderately damaged.
The ice statue gestures at you. The bolt of cold hits you!!
You die...

▓▓▓▓▓▓▓###~##.###†###.##......~
#(lG######~~####.#.####~~§.§..~#
#?)l#Z ##~~~#.###.#~§~~§~~§.~#
#∩P$+. #†#~## ##~~~~~§§§.~#
#=$.#$# #.#~~##+##~~~≈≈≈~~~§~#
#(.. ## ####~~~~~~~~§§≈≈§≈§~~
##+# #≈§ #'''#+++#~§§≈≈§§
##...°°☼○##§≈≈###
#.○.@Y○.○☼##≈≈# +○○○○°8○°...+≈≈#
##☼☼○°°.○..## ≈≈≈ ##○☼○○°..##
### ####+#### ...


You could see an ice statue and an ice beast (summoned).

Vanquished Creatures
  2 boulder beetles (D)
  2 wyverns (D)
  4 neqoxecs (D)
  A vampire mosquito (D)
  Menkaure (D)
  3 worms (D)
13 creatures vanquished.

Vanquished Creatures (others)
  A water moccasin (D)
1 creature vanquished.

Grand Total: 14 creatures vanquished

Notes
Turn   | Place    | Note
-------+----------+-------------------------------------------
     0 | D        | sircluck the Troll Berserker began the quest for the Orb.
     0 | D        | Reached XP level 1. HP: 22/22 MP: 0/0
     1 | D        | Noticed a neqoxec
     1 | D        | Noticed a neqoxec
     1 | D        | Noticed a neqoxec
     1 | D        | Noticed a neqoxec
     1 | D        | Gained mutation: You are weak. (Str -2) [a neqoxec]
     4 | D        | Gained mutation: You are very weak. (Str -4) [a neqoxec]
     6 | D        | Killed a neqoxec
     6 | D        | Gained mutation: Your body sometimes deteriorates upon
                  | taking damage. [a neqoxec]
     7 | D        | Reached skill level 5 in Fighting
     7 | D        | Reached skill level 5 in Dodging
     7 | D        | Reached skill level 6 in Unarmed Combat
     7 | D        | Reached XP level 2. HP: 35/35 MP: 1/1
     7 | D        | Reached XP level 3. HP: 42/42 MP: 2/2
     7 | D        | Reached XP level 4. HP: 50/50 MP: 3/3
     9 | D        | Killed a neqoxec
    10 | D        | Reached skill level 7 in Unarmed Combat
    10 | D        | Reached XP level 5. HP: 61/61 MP: 4/4
    14 | D        | Gained mutation: Your magical capacity is low. (-10% MP) [a
                  | neqoxec]
    15 | D        | Killed a neqoxec
    15 | D        | Reached ** piety under Trog
    16 | D        | Reached skill level 9 in Unarmed Combat
    16 | D        | Reached XP level 6. HP: 71/71 MP: 4/4
    16 | D        | Gained mutation: You occasionally shout uncontrollably at
                  | your foes. [a neqoxec]
    19 | D        | Killed a neqoxec
    63 | D        | Killed a water moccasin
    64 | D        | Reached XP level 7. HP: 77/78 MP: 5/5
    65 | D        | Reached *** piety under Trog
    70 | D        | Noticed a wyvern
    70 | D        | Noticed a wyvern
    74 | D        | Killed a wyvern
    75 | D        | Reached skill level 10 in Unarmed Combat
    76 | D        | Killed a wyvern
   127 | D        | Noticed a boulder beetle
   127 | D        | Noticed a boulder beetle
   141 | D        | Killed a boulder beetle
   142 | D        | Reached skill level 12 in Unarmed Combat
   142 | D        | Reached XP level 8. HP: 92/92 MP: 6/6
   194 | D        | Killed a boulder beetle
   194 | D        | Reached **** piety under Trog
   195 | D        | Reached skill level 13 in Unarmed Combat
   195 | D        | Reached XP level 9. HP: 86/101 MP: 7/7
   216 | D        | Noticed Menkaure
   225 | D        | Killed Menkaure
   305 | D        | Found Isocsegh's Antique Armour Shoppe.
   306 | D        | Found Atawenab's Antique Armour Shoppe.
   307 | D        | Found Vodul's Distillery.
   308 | D        | Found Qohoat's Book Emporium.
   308 | D        | Found Yrruram's Antique Weapon Shoppe.
   309 | D        | Found Lusost's Magic Scroll Emporium.
   309 | D        | Found Zemuc's Antique Weapon Shoppe.
   309 | D        | Found Roheps's General Store.
   309 | D        | Found Xinki's Jewellery Shoppe.
   311 | D        | Found Xaizaps's Jewellery Emporium.
   311 | D        | Found Raen's Magic Scroll Shoppe.
   311 | D        | Found Egiptabi's Book Emporium.
   313 | D        | Found Osougiv's Distillery.
   313 | D        | Found Fahy's Antique Armour Shoppe.
   313 | D        | Noticed a great orb of eyes
   319 | D        | Noticed an oklob plant
   320 | D        | Found Hoan's Book Shoppe.
   327 | D        | Bought a scroll of magic mapping for 90 gold pieces
   334 | D        | Bought a scroll of acquirement for 676 gold pieces
   338 | D        | Acquired a manual of Fighting
   359 | D        | Reached skill level 10 in Fighting
   359 | D        | Reached skill level 10 in Dodging
   368 | D        | Noticed an ice statue
   566 | D        | Lost intelligence.
   570 | D        | Killed from afar by an ice statue

Illustrated notes

Levels and vault maps discovered:
D:        the_violet_keep_of_menkaure [sprint2_stairs_cluster_1,
          sprint2_shoproom, sprint2_temple, sprint2_basic_supplies,
          sprint2_obstacle_2, sprint2_obstacle_1, sprint2_obstacle_7,
          sprint2_obstacle_5, sprint2_obstacle_4, sprint2_timed_cluster_1,
          sprint2_smallroom_cluster_1, sprint2_smallroom_final_cluster_1,
          sprint2_transparent_cluster_1, sprint2_second_timed_cluster_1,
          sprint2_sniper_area_1, sprint2_heavy_combat_area_1,
          sprint2_mutation_trap_area_1, sprint2_forest_area_1,
          sprint2_light_combat_area_1, sprint2_behind_water_1,
          sprint2_near_end_vault_1]

Skill      XL: |  1  2  3  4  5  6  7  8  9 |
---------------+----------------------------+-----
Fighting       | 5 6 7 9 10 | 10.0
Dodging        | 5 6 7 9 10 | 10.0
Unarmed Combat | 6 7 9 12 13 | 13.6

Action                     |  1- 3 |  4- 6 |  7- 9 || total
---------------------------+-------+-------+-------++-------
  Melee: Unarmed           |     4 |    13 |    39 ||    56
         Punch             |     1 |     1 |     2 ||     4
 Invoke: Berserk           |     1 |       |     4 ||     5
    Use: Scroll            |       |       |     2 ||     2
 Armour: Animal skin       |       |       |     3 ||     3
  Dodge: Dodged            |       |     2 |    13 ||    15

Table legend: (Time is in decaauts)
 A = Elapsed time spent in this place.
 B = Non-inter-level travel time spent in this place.
 C = Inter-level travel time spent in this place.
 D = Time resting spent in this place.
 E = Time spent auto-exploring this place.
 F = Levels seen in this place.
 G = Mean time per level.
                   A        B        C        D        E       F      G
               +--------+--------+--------+--------+--------+-----+--------+
         Total |    595 |    553 |     42 |    371 |     48 |   1 |  595.0 |
       Dungeon |    595 |    553 |     42 |    371 |     48 |   1 |  595.0 |
               +--------+--------+--------+--------+--------+-----+--------+

Top non-repeatable levels by time:
       D: 595 daAuts
